 Dungeon Crawl Stone Soup version 0.27-a0-590-g94244163b4 (webtiles) character file.

Game seed: 16986473139244244985

801 Anon1729 the Basher (level 7, 0/58 HPs)
             Began as a Palentonga Warper on Mar 10, 2021.
             Slain by a mummy (10 damage)
             ... on level 6 of the Dungeon.
             The game lasted 00:07:02 (6742 turns).

Anon1729 the Basher (Palentonga Warper)             Turns: 6742, Time: 00:07:03

Health: 0/58       AC: 16    Str: 16    XL:     7   Next: 59%
Magic:  10/10      EV:  9    Int: 14    God:
Gold:   280        SH:  0    Dex:  9    Spells: 10/10 levels left

rFire    . . .     SeeInvis +   v - +3 mace
rCold    . . .     Faith    .   (no shield)
rNeg     . . .     Spirit   .   b - +0 leather armour
rPois    .         Reflect  .   B - +1 hat
rElec    .         Harm     .   (no cloak)
rCorr    .         Rampage  .   (no gloves)
Will     .....                  (no barding)
Stlth    +.........             (no amulet)
HPRegen  0.19/turn              m - +4 ring of protection
MPRegen  0.12/turn              (no ring)

@: curled up
A: large, rugged brown scales 3, see invisible, deformed body, roll 1, armoured
tail, reflexive curl
a: Rolling Charge


You were on level 6 of the Dungeon.
You visited 1 branch of the dungeon, and saw 6 of its levels.
You also visited: Sewer.

You collected 280 gold pieces.

Inventory:

Hand Weapons
 a - a +0 mace
 o - a +0 morningstar
 v - a +3 mace (weapon)
Missiles
 e - 5 boomerangs of dispersal
 u - 4 boomerangs
Armour
 b - a +0 leather armour (worn)
 B - a +1 hat (worn)
Jewellery
 m - a +4 ring of protection (right hand)
Wands
 n - a wand of iceblast (2)
 s - a wand of polymorph (6)
 w - a wand of digging (8)
 x - a wand of random effects (20)
Scrolls
 d - 2 scrolls of blinking
 i - 5 scrolls of identify
 p - 2 scrolls of magic mapping
 q - a scroll of enchant armour {unknown}
 r - 4 scrolls of teleportation
 y - a scroll of fear {unknown}
Potions
 c - 5 potions of curing
 f - a potion of magic {unknown}
 g - a potion of invisibility
 h - a potion of haste {unknown}
 j - 2 potions of mutation {unknown}
 k - 3 potions of degeneration {unknown}
 l - 2 potions of brilliance {unknown}
 t - 3 potions of might {unknown}
 z - 2 potions of flight {unknown}
 A - 2 potions of heal wounds {unknown}


   Skills:
 - Level 2.0 Fighting
 + Level 8.7 Maces & Flails
 - Level 0.6 Throwing
 - Level 0.8 Armour
 - Level 1.5 Dodging
 - Level 2.0 Spellcasting
 - Level 3.0 Translocations


You had 10 spell levels left.
You didn't know any spells.
Your spell library contained the following spells:

 Spells                   Type           Power      Damage    Failure   Level
 Blink                    Tloc           N/A        N/A       13%         2
 Gell's Gravitas          Tloc           4%         N/A       26%         3
 Lesser Beckoning         Tloc           4%         N/A       26%         3
 Teleport Other           Tloc           9%         N/A       26%         3
 Manifold Assault         Tloc           9%         N/A       63%         4


Dungeon Overview and Level Annotations

Branches:
Dungeon (6/15)             Temple (0/1) D:6           Sewer (visited)

Altars:
Ashenzari
Hepliaklqana
Okawaru
Yredelemnul

Shops:
D:4 [

Portals:
Ossuary: D:6

Annotations:
D:3 3 runed translucent doors, PeterLawrence's ghost, amateur MiFi
D:5 2 transporters


Innate Abilities, Weirdness & Mutations

You are completely covered in rugged brown scales. (AC +3, +7% HP)
You have supernaturally acute eyesight. (SInv)
Armour fits poorly on your strangely shaped body.
You can roll at nearby foes to attack.
You have a long armoured tail.
You curl defensively after being hit.


Message History

There is a stone staircase leading down here.
A centaur skeleton comes into view.
The centaur skeleton moves out of view.
Found a scroll of identify.
Found a mace.
A sky beast comes into view.
The sky beast flickers out of sight for a moment.
The sky beast hits you. The sky beast shocks you.
You open the door.
A mummy comes into view.
The sky beast misses you.
Found a sand-covered staircase.
The mummy hits you!
* * * LOW HITPOINT WARNING * * *
There is an open door, spattered with blood here.
Okay, then.
You hit the mummy.
The mummy is lightly damaged.
The sky beast closely misses you.
You completely miss the mummy. You tail-slap the mummy.
The mummy is heavily damaged.
The sky beast barely misses you. The mummy hits you!
* * * LOW HITPOINT WARNING * * *
It was a potion of curing.
You feel better. The centaur skeleton hits you.
* * * LOW HITPOINT WARNING * * *
The sky beast completely misses you. The mummy hits you.
* * * LOW HITPOINT WARNING * * *
You feel better. The centaur skeleton hits you.
* * * LOW HITPOINT WARNING * * *
The sky beast hits you but does no damage.
Okay, then.
The centaur skeleton barely misses you.
The sky beast flickers out of sight for a moment.
Found a scroll labelled URYVYD YMUO.
An orc comes into view.
It is wielding a +0 flail and wearing a +1 chain mail of fire resistance.
The orc shouts!
Found 23 bolts.
The orc barely misses you. The mummy hits you!
You die...

##.....##,,,,,,,,,,,,
#.......?,,,,....,,,,
###*****.......,,,,.....,,,,
#...,,,,,.....,,,,,.....,,,,
*#..#**+*##.##*+*##.....,,,,
*...#*,##...##,##.?....,,,,
*,#..###.....###...).......
*,*#..#..M..o.#....#,*,...#
*,**#..###@###o..#.#**#.#..
*,* ##.Y##∩##......#*,.....
*,#####.o###o......###.....
*(........#....###..#......
*#####....Y...## ##.......#
**#.......## ###.......#
**,#.##...#####...>.....#
**,...*#...#..........#.##
*,..............[.......#.


You could see a mummy and an orc.

Vanquished Creatures
  A kobold brigand (Sewer)
  A bullfrog (D:3)
  2 howler monkeys (D:4)
  A centaur zombie (D:5)
  A hound (D:6)
  5 orc wizards
  7 worker ants
  A hound skeleton (D:3)
  5 adders
  A shadow imp (D:5)
  A white imp (D:6)
  An ooze (D:3)
  An adder skeleton (D:5)
  3 worms
  3 dart slugs
  4 leopard geckos
  28 orcs
  8 bats
  6 giant cockroaches
  4 hobgoblins
  21 kobolds
  2 quokkas
  6 ball pythons
  10 frilled lizards
  9 goblins
  10 rats
142 creatures vanquished.

Vanquished Creatures (others)
  A fungus (Sewer)
  7 plants
8 creatures vanquished.

Grand Total: 150 creatures vanquished

Notes
Turn   | Place    | Note
-------+----------+-------------------------------------------
     0 | D:1      | Anon1729 the Palentonga Warper began the quest for the Orb.
     0 | D:1      | Reached XP level 1. HP: 18/18 MP: 3/3
   624 | D:1      | Reached XP level 2. HP: 22/25 MP: 5/5
   997 | D:1      | Reached skill level 3 in Maces & Flails
  1268 | D:2      | Reached XP level 3. HP: 12/31 MP: 6/6
  1767 | D:2      | Found a broken altar of Ashenzari.
  1849 | D:2      | Reached skill level 4 in Maces & Flails
  2328 | D:3      | Reached XP level 4. HP: 17/38 MP: 7/7
  2529 | D:3      | Noticed a bullfrog
  2538 | D:3      | Killed a bullfrog
  2539 | D:3      | Reached skill level 5 in Maces & Flails
  2890 | D:3      | Reached XP level 5. HP: 37/43 MP: 8/8
  3895 | D:3      | Found a runed translucent gate.
  3895 | D:3      | Found a runed translucent gate.
  3897 | D:3      | Found a runed translucent gate.
  3900 | D:3      | Noticed PeterLawrence's ghost (amateur MiFi)
  4219 | D:4      | Reached skill level 6 in Maces & Flails
  4440 | D:4      | Reached XP level 6. HP: 48/51 MP: 9/9
  4452 | D:4      | Found Sailedgh's Armour Emporium.
  4756 | D:4      | Reached skill level 7 in Maces & Flails
  4955 | D:4      | Found an iron altar of Okawaru.
  4956 | D:4      | Found a basalt altar of Yredelemnul.
  5311 | D:5      | Entered Level 5 of the Dungeon
  5416 | D:5      | Found a transporter.
  5597 | D:5      | Found a transporter.
  5633 | D:5      | Gained mutation: You curl defensively after being hit.
                  | [Palentonga growth]
  5633 | D:5      | Reached XP level 7. HP: 55/58 MP: 10/10
  6254 | D:5      | Found a hazy altar of Hepliaklqana.
  6338 | D:6      | Found a glowing drain.
  6352 | Sewer    | Entered a sewer
  6395 | Sewer    | Reached skill level 8 in Maces & Flails
  6721 | D:6      | Found a sand-covered staircase.
  6724 | D:6      | HP: 2/58 [mummy (10)]
  6742 | D:6      | Slain by a mummy

Illustrated notes

Levels and vault maps discovered:
D:1:      scummos_arrival_star, layout_basic
D:2:      layout_rooms, lemuel_round_altar
D:3:      minmay_wonky_spiral, layout_loops_ring, gammafunk_ghost_necromancy,
          st_stairs_7, corexii_hall_statues_t, serial_park_tiny_1, minivault_26
D:4:      layout_gridville, gammafunk_temple_overflow_statue, serial_shops,
          shop, kennysheep_flooded_box
D:5:      layout_loops_corners, lemuel_coloured_pillars_altar,
          gammafunk_ghost_gnarly_gnolls
D:6:      layout_cave_pools, kennysheep_mini_moat, makhleb_heckhound_becter,
          minmay_temple_entry_glass, gup_sewer_entry_pipe,
          nicolae_ossuary_entry_giza, uniq_menkaure

Skill      XL: |  1  2  3  4  5  6  7 |
---------------+----------------------+-----
Maces & Flails | 3 4 5 6 7 8 |  8.7
Fighting       | |  2.0
Throwing       | |  0.6
Armour         | |  0.8
Dodging        | |  1.5
Spellcasting   | |  2.0
Translocations | |  3.0

Action                   |  1- 3 |  4- 6 |  7- 9 || total
-------------------------+-------+-------+-------++-------
Melee: Mace              |   115 |   130 |   127 ||   372
       Tailslap          |    13 |    19 |    12 ||    44
       Morningstar       |       |   109 |       ||   109
       Unarmed           |       |    27 |       ||    27
 Abil: Rolling Charge    |       |     2 |       ||     2
  Use: Scroll            |       |       |     3 ||     3
       Potion            |       |       |     2 ||     2
Armor: Leather armour    |    48 |   112 |    79 ||   239
Dodge: Dodged            |    71 |   148 |    79 ||   298

Table legend: (Time is in decaauts)
 A = Elapsed time spent in this place.
 B = Non-inter-level travel time spent in this place.
 C = Inter-level travel time spent in this place.
 D = Time resting spent in this place.
 E = Time spent auto-exploring this place.
 F = Levels seen in this place.
 G = Mean time per level.
                   A        B        C        D        E       F      G
               +--------+--------+--------+--------+--------+-----+--------+
         Total |   6839 |   6679 |    160 |   1266 |   4125 |   7 |  977.0 |
       Dungeon |   6569 |   6409 |    160 |   1266 |   4125 |   6 | 1094.8 |
         Sewer |    270 |    270 |      0 |      0 |      0 |   1 |  270.0 |
               +--------+--------+--------+--------+--------+-----+--------+

Top non-repeatable levels by time:
     D:3: 1978 daAuts
     D:2: 1179 daAuts
     D:1: 1158 daAuts
     D:4: 1052 daAuts
     D:5: 996 daAuts
   Sewer: 270 daAuts
     D:6: 204 daAuts
